 Dungeon Crawl Stone Soup version 0.31-a0-271-gb88eb75e06 (webtiles) character file.

Game seed: 337513335182054201

2053 garrulousMonolith the Ruffian (level 9, -5/59 HPs)
             Began as an Octopode Shapeshifter on July 14, 2023.
             Was an Initiate of Wu Jian.
             Slain by Joseph
             ... wielding a +6 quarterstaff
              (17 damage)
             ... on level 8 of the Dungeon.
             The game lasted 00:08:13 (7415 turns).

garrulousMonolith the Ruffian (OpSh)                Turns: 7415, Time: 00:08:14

Health: -5/59      AC:  1    Str: 16    XL:     9   Next: 25%
Magic:  9/9        EV: 13    Int: 10    God:    Wu Jian [......]
Gold:   291        SH: 10    Dex: 15    Spells: 8/8 levels left

rFire   + .          .
                       - Unarmed
rCold   . . .        r - +1 kite shield
rNeg    . . .        (helmet currently unavailable)
rPois   .            (no amulet)
rElec   .            h - ring of protection from fire
rCorr   .            (no ring)
SInv    .            (no ring)
Will    .....        (no ring)
Stlth   ++++         (no ring)
HPRegen 0.29/turn    (no ring)
MPRegen 0.11/turn    (no ring)
                     (no ring)

%: no passive effects
@: beast-form
A: beast (slay +4), almost no armour, amphibious, 8 rings, camouflage 1,
gelatinous body 1, (nimble swimmer 1), tentacles
a: Begin Untransformation, Renounce Religion


You were on level 8 of the Dungeon.
You worshipped Wu Jian.
Wu Jian was noncommittal.
You were a hulking beast.
You visited 2 branches of the dungeon, and saw 9 of its levels.

You collected 330 gold pieces.
You spent 39 gold pieces at shops.

Inventory:

Hand Weapons
 w - a +1 hand axe of venom
Armour
 r - a +1 kite shield (worn)
Magical Staves
 d - a staff of cold
Jewellery
 h - a ring of protection from fire (left tentacle)
 B - a ring of fire
Talismans
 b - a beast talisman
Wands
 q - a wand of polymorph (6)
Scrolls
 c - a scroll of identify
 e - 3 scrolls of blinking
 g - 2 scrolls of teleportation
 k - a scroll of poison {unknown}
 l - a scroll of immolation
 m - a scroll of enchant armour
 s - a scroll of enchant weapon
 t - a scroll of vulnerability
 u - a scroll of fog
 v - 3 scrolls of summoning
 y - a scroll of fear
 A - a scroll of revelation {unknown}
 C - a scroll of amnesia {unknown}
Potions
 a - a potion of lignification
 f - 2 potions of curing
 i - 3 potions of invisibility
 j - 2 potions of brilliance
 n - a potion of enlightenment
 o - 2 potions of mutation
 p - a potion of ambrosia {unknown}
 x - a potion of resistance {unknown}


   Skills:
 + Level 4.6 Fighting
 + Level 4.6 Dodging
 + Level 5.5 Stealth
 + Level 3.5 Shields
 * Level 6.3 Unarmed Combat
 * Level 5.8 Shapeshifting


You had 8 spell levels left.
You didn't know any spells.
Your spell library contained the following spells:

 Spells                   Type           Power      Damage    Failure   Level
 Necrotise                Necr           0%         1d4       73%         1
 Portal Projectile        Hex/Tloc       0%         N/A       97%         3
 Tukima's Dance           Hex            0%         N/A       97%         3
 Vampiric Draining        Necr           0%         2d6       97%         3
 Iskenderun's Mystic Bla  Conj/Tloc      0%         2d3       100%        4
 Agony                    Necr           0%         N/A       100%        5


Dungeon Overview and Level Annotations

Branches:
Dungeon (8/15)             Temple (1/1) D:5
   Lair: D:8-11

Altars:
Ashenzari
Cheibriados
Elyvilon
Fedhas
Gozag
Hepliaklqana
Kikubaaqudgha
Makhleb
Nemelex Xobeh
Okawaru
Qazlal
Ru
Sif Muna
Trog
Uskayaw
Vehumet
Wu Jian
Xom
Yredelemnul
Zin
The Shining One

Shops:
D:1 *

Annotations:
D:8 Joseph


Innate Abilities, Weirdness & Mutations

You are a hulking beast.
Your limbs bulge with bestial killing power. (Slay +4)
You cannot wear most types of armour.
You are amphibious.
You can wear up to eight rings at the same time.
Your skin changes colour to match your surroundings (Stealth+).
Your rubbery body absorbs attacks. (AC +1, EV +1)
((You are camouflaged when in or above water. (Stealth+)))
You have tentacles for arms and can constrict up to eight enemies at once.


Message History

As you read the scroll labelled LEX KAHYIPRAL, it crumbles to dust.
You assume a fearsome visage.
Nothing appears to happen.
It was a scroll of fear.
Unknown command.
As you read the scroll labelled GUZXOTOXEUM, it dissolves into smoke.
It was a scroll of fog.
You start waiting.
Done waiting.
As you read the scroll labelled JEMMIQ PUNKAU, it crumbles to dust.
You hear a loud clanging noise!
It was a scroll of noise.
You start waiting.
You can no longer perform spinning attacks.
No target in view!
Done exploring.
Done exploring.
Done exploring.
No target in view!
(D) Dungeon (T) Temple
Where to? (Enter - D:7, ? - help)
There is a stone staircase leading down here.
You climb downwards.
Joseph shouts!
Found a stone staircase leading down.
There is a stone staircase leading up here.
Joseph is nearby!
Joseph is nearby!
Joseph says, "Drop everything you've found here and return home."
Joseph zaps a wand.
Your mind is blasted!
Joseph unwields a +6 quarterstaff.
Joseph wields a +0 sling.
Joseph shoots a sling bullet.
The sling bullet hits you!
You are too injured to fight recklessly!
You closely miss Joseph. You grab Joseph. You constrict Joseph.
Joseph unwields a +0 sling.
Joseph wields a +6 quarterstaff.
Joseph hits you with a +6 quarterstaff!!
* * * LOW HITPOINT WARNING * * *
You bludgeon Joseph!
Joseph is lightly wounded.
You constrict Joseph. Joseph hits you with a +6 quarterstaff!
You die...

..... #.
.....##.#
#.......#
##.......
##.......##
.........<#####.#
#......#.......#
.#........#######
.......h..#
.......@..#
.##....##.#
......> #.#
######. ... #.
.... .. ...# .#
.#


You could see Joseph.

Vanquished Creatures
  A steam dragon (D:7)
  2 water moccasins
  A black bear (D:6)
  An ice beast (D:5)
  A sky beast (D:6)
  4 ogres
  3 phantoms
  Blork the orc (D:4)
  A kobold brigand (D:6)
  2 bullfrogs (D:7)
  A scorpion (D:5)
  4 hounds
  A jelly (D:6)
  2 iguanas (D:6)
  Natasha (twice) (D:2)
  6 orc wizards
  3 adders
  2 white imps
  3 ufetubi
  A worm (D:3)
  A dart slug (D:1)
  9 orcs
  6 endoplasms
  3 giant cockroaches
  5 goblins
  7 hobgoblins
  15 jackals
  4 quokkas
  5 ball pythons
  7 bats
  5 frilled lizards
  9 kobolds
  4 rats (D:2)
122 creatures vanquished.

Notes
Turn   | Place    | Note
-------+----------+-------------------------------------------
     0 | D:1      | garrulousMonolith the Octopode Shapeshifter began the quest
                  | for the Orb.
     0 | D:1      | Reached XP level 1. HP: 14/14 MP: 1/1
   173 | D:1      | Reached XP level 2. HP: 17/19 MP: 2/2
   427 | D:1      | Found a faded altar of an unknown god.
   460 | D:1      | Reached XP level 3. HP: 22/24 MP: 3/3
   495 | D:1      | Reached skill level 1 in Stealth
   514 | D:1      | Found Roam Xyt's General Store.
   517 | D:1      | Bought a potion of curing for 39 gold pieces
   972 | D:2      | Noticed Natasha
   979 | D:2      | Killed Natasha
   980 | D:2      | Reached XP level 4. HP: 30/30 MP: 4/4
   993 | D:2      | Reached skill level 3 in Unarmed Combat
  1264 | D:2      | Noticed Natasha
  1276 | D:2      | Killed Natasha
  1277 | D:2      | Reached XP level 5. HP: 26/35 MP: 5/5
  2292 | D:4      | Reached skill level 1 in Shields
  2292 | D:4      | Reached XP level 6. HP: 17/41 MP: 6/6
  2421 | D:4      | Noticed Blork the orc
  2428 | D:4      | Killed Blork the orc
  3048 | D:5      | Entered Level 5 of the Dungeon
  3096 | D:5      | Reached skill level 4 in Unarmed Combat
  3100 | D:5      | Noticed an ice beast
  3114 | D:5      | Killed an ice beast
  3115 | D:5      | Reached XP level 7. HP: 9/46 MP: 7/7
  3408 | D:5      | Found a staircase to the Ecumenical Temple.
  4262 | D:6      | Reached XP level 8. HP: 34/54 MP: 8/8
  4554 | D:6      | Reached skill level 5 in Unarmed Combat
  4567 | Temple   | Entered the Ecumenical Temple
  4851 | Temple   | Became a worshipper of the Wu Jian Council
  4997 | D:6      | Reached skill level 5 in Shapeshifting
  5116 | D:6      | Found a broken altar of Ashenzari.
  5541 | D:6      | Reached skill level 5 in Stealth
  6085 | D:6      | Reached skill level 6 in Unarmed Combat
  6085 | D:6      | Reached XP level 9. HP: 59/59 MP: 9/9
  6304 | D:7      | Reached * piety under Wu Jian
  7410 | D:8      | Noticed Joseph
  7415 | D:8      | Slain by Joseph

Illustrated notes

Levels and vault maps discovered:
D:1:      minmay_arrival_stair_chambers, layout_loops_ring, serial_shops, shop,
          ebering_ecumenical_altar_hall, minmay_tromino_v2
D:2:      layout_loops_ring, uniq_natasha
D:3:      layout_basic
D:4:      layout_basic, uniq_blork_the_orc
D:5:      layout_loops_ring, minmay_temple_entry_from_below_b
D:6:      layout_rooms, ashenzari_altar_1, serial_co_window_serial,
          co_window_corner_a, co_window_of_opportunity_a, co_window_paths_a,
          co_window_corner_a, co_window_corner_a, co_window_2corner,
          co_window_broadway_a, co_window_of_opportunity_b,
          co_window_broadway_c, co_window_2corner, co_window_corner_b,
          glass_columns_c, glass_columns_a, glass_columns_b, glass_columns_a
D:7:      layout_cave_pools
D:8:      layout_basic, dpeg_lair_monsters, uniq_pikel, uniq_psyche,
          uniq_joseph, uniq_amaemon
Temple:   mainiacjoe_temple_cubbyholes

Skill      XL: |  1  2  3  4  5  6  7  8 |
---------------+-------------------------+-----
Stealth        | 1 2 3 4 5 |  5.5
Unarmed Combat | 3 4 6 |  6.3
Shields        | 1 2 3 |  3.5
Fighting       | 3 4 |  4.6
Shapeshifting  | 4 5 |  5.8
Dodging        | 3 4 |  4.6

Action                     |  1- 3 |  4- 6 |  7- 9 || total
---------------------------+-------+-------+-------++-------
  Melee: Unarmed           |    64 |   116 |   123 ||   303
         Constrict         |    21 |    20 |    22 ||    63
         Tentacles         |    17 |    18 |    38 ||    73
         Punch             |     1 |     6 |     4 ||    11
Ability: Lunge             |       |       |     4 ||     4
    Use: Scroll            |     2 |     4 |    10 ||    16
         Potion            |       |     2 |     4 ||     6
   Stab: Sleeping          |     3 |     7 |    11 ||    21
         Invisible         |       |       |     1 ||     1
 Armour: Skin              |    11 |     3 |    11 ||    25
  Dodge: Dodged            |    50 |    49 |    44 ||   143
  Block: Kite shield       |       |    23 |    46 ||    69

Table legend: (Time is in decaauts)
 A = Elapsed time spent in this place.
 B = Non-inter-level travel time spent in this place.
 C = Inter-level travel time spent in this place.
 D = Time resting spent in this place.
 E = Time spent auto-exploring this place.
 F = Levels seen in this place.
 G = Mean time per level.
                   A        B        C        D        E       F      G
               +--------+--------+--------+--------+--------+-----+--------+
         Total |   7435 |   7108 |    327 |   1900 |   4212 |   9 |  826.1 |
       Dungeon |   7086 |   6811 |    275 |   1900 |   3932 |   8 |  885.8 |
        Temple |    348 |    296 |     52 |      0 |    280 |   1 |  348.0 |
               +--------+--------+--------+--------+--------+-----+--------+

Top non-repeatable levels by time:
     D:6: 1600 daAuts
     D:5: 1258 daAuts
     D:7: 1168 daAuts
     D:4: 1094 daAuts
     D:2: 755 daAuts
     D:1: 706 daAuts
     D:3: 498 daAuts
  Temple: 348 daAuts
     D:8: 4 daAuts
